AoeStats
← DKing

Oasis

509434207Analyzed
4v4 RM · 6d ago on Sep 26, 2026· 58m 7s· 8 players
Game mode
Random Map
Map size
Large (8 player)
Population
200
Speed
Normal
Resources
Standard
Victory
Conquest
Starting age
Dark Age
Ending age
Imperial Age
RankedLock teamsTeams togetherTeam positionsShared explorationLock speedFull tech treeHidden civsTurbo modeCheats
Victory
Defeat
🇺🇸 Poles · United States
1401
+12
🇫🇷 Spanish · France
1312
+16
🇬🇧 Britons · United Kingdom
1267
+18
🇵🇹 Hindustanis · Portugal
1233
+19
🇺🇸 Bohemians · United States
1392
-20
🇨🇭 Vikings · Switzerland
1315
-17
🇨🇭 Persians · Switzerland
1281
-15
🇨🇴 Varangians · Colombia
1231
-13
try [H A R D]
6:56 Loom
9:15 Feudal Age
10:32 Man-at-Arms
20:07 Castle Age
18:45 Fletching
19:04 Padded Archer Armor
19:05 Double-Bit Axe
19:37 Horse Collar
20:12 Crossbowman
20:49 Bodkin Arrow
23:29 Gold Mining
27:00 Leather Archer Armor
27:30 Ballistics
27:27 Bow Saw
31:55 Imperial Age
32:53 Bracer
32:14 Arbalester
34:56 Chemistry
34:03 Heavy Plow
35:55 Ring Archer Armor
34:47 Elite Skirmisher
36:41 Gold Shaft Mining
35:57 Stone Mining
37:13 Town Watch
37:32 Scale Mail Armor
37:42 Forging
41:32 Chain Mail Armor
44:04 Elite Berserk
45:08 Bogsveigar
46:49 Plate Mail Armor
46:54 Iron Casting
51:23 Blast Furnace
[H A R D]ley Quinn
10:19 Feudal Age
13:55 Castle Age
12:31 Horse Collar
12:37 Double-Bit Axe
15:59 Loom
17:14 Scale Barding Armor
19:23 Town Watch
21:00 Chain Barding Armor
22:33 Wheelbarrow
23:46 Forging
24:26 Gold Mining
25:24 Bloodlines
25:18 Husbandry
27:09 Hand Cart
33:21 Imperial Age
33:16 Iron Casting
33:07 Cavalier
35:47 Pikeman
36:13 Gambesons
36:30 Scale Mail Armor
37:06 Plate Barding Armor
38:09 Blast Furnace
37:13 Squires
37:16 Halberdier
38:14 Chain Mail Armor
41:14 Heavy Plow
40:59 Light Cavalry
43:12 Savar
43:27 Hussar
49:11 Plate Mail Armor
51:26 Caravan
53:48 Fletching
Arribia
5:58 Loom
9:35 Feudal Age
10:12 Double-Bit Axe
19:56 Castle Age
19:55 Padded Archer Armor
20:14 Fletching
20:04 Crossbowman
22:14 Wheelbarrow
28:45 Bodkin Arrow
31:47 Fortified Wall
37:11 Imperial Age
37:37 Chemistry
36:55 Pikeman
37:35 Squires
37:52 Halberdier
38:43 Forging
38:33 Scale Mail Armor
40:35 Elite Hussite Wagon
47:33 Bracer
47:48 Leather Archer Armor
49:38 Chain Mail Armor
49:58 Iron Casting
50:46 Elite Skirmisher
51:07 Arbalester
52:32 Ring Archer Armor
52:37 Iron Casting
52:32 Plate Mail Armor
Caballero Cruzado
2:58 Loom
8:47 Loom
10:36 Feudal Age
8:54 Loom
11:09 Double-Bit Axe
13:04 Wheelbarrow
14:40 Bloodlines
20:08 Castle Age
19:11 Gold Mining
19:49 Horse Collar
20:08 Stone Mining
22:01 Bow Saw
22:50 Hand Cart
25:10 Heavy Plow
26:23 Scale Barding Armor
26:29 Forging
29:13 Chain Barding Armor
29:28 Iron Casting
31:54 Vendel Legacy
33:40 Town Watch
37:44 Imperial Age
35:52 Husbandry
39:01 Plate Barding Armor
39:27 Blast Furnace
37:50 Cavalier
53:28 Caravan
56:20 Light Cavalry
56:53 Fletching
58:10 Bodkin Arrow
Zenith_UK
7:13 Loom
9:42 Feudal Age
11:55 Double-Bit Axe
11:51 Horse Collar
20:30 Castle Age
20:39 Crossbowman
21:10 Fletching
22:16 Bow Saw
22:17 Bodkin Arrow
23:33 Padded Archer Armor
32:33 Leather Archer Armor
34:08 Heavy Plow
37:21 Imperial Age
35:30 Wheelbarrow
35:56 Town Watch
37:43 Ballistics
37:43 Gold Mining
37:25 Arbalester
38:16 Bracer
38:46 Ring Archer Armor
38:43 Conscription
40:52 Ring Archer Armor
41:24 Chemistry
40:46 Yeomen
40:37 Caravan
42:31 Pikeman
43:11 Squires
43:12 Scale Mail Armor
43:22 Forging
44:41 Chain Mail Armor
44:15 Halberdier
45:31 Iron Casting
45:33 Hand Cart
45:18 Town Patrol
46:45 Plate Mail Armor
49:11 Blast Furnace
47:46 Capped Ram
49:36 Fortified Wall
49:36 Masonry
49:37 Careening
51:32 Coinage
51:12 Guilds
52:55 Architecture
53:05 Hoardings
52:31 Warwolf
54:52 Arson
56:02 Banking
bao
10:51 Feudal Age
9:09 Loom
10:54 Feudal Age
15:24 Castle Age
21:18 Double-Bit Axe
21:15 Horse Collar
23:51 Bow Saw
26:18 Wheelbarrow
27:40 Gold Mining
29:11 Heavy Plow
32:59 Imperial Age
30:55 Fletching
31:06 Padded Archer Armor
31:53 Hand Cart
33:39 Elite Skirmisher
34:27 Bodkin Arrow
34:48 Leather Archer Armor
35:20 Conscription
36:11 Bracer
39:23 Ring Archer Armor
42:21 Two-Man Saw
42:21 Coinage
42:42 Ballistics
44:00 Thumb Ring
45:18 Forging
45:09 Scale Mail Armor
45:35 Pikeman
46:15 Squires
46:01 Arson
46:02 Gambesons
47:13 Iron Casting
46:24 Halberdier
47:22 Chain Mail Armor
49:30 Blast Furnace
52:28 Plate Mail Armor
57:15 Arson
58:23 Scale Barding Armor
58:21 Caravan
58:52 Banking
58:32 Guilds
59:31 Chemistry
58:42 Masonry
58:27 Murder Holes
58:43 Fortified Wall
58:23 Guard Tower
58:18 Arrowslits
58:39 Siphons
58:54 Shipwright
58:44 Clinker Construction
58:45 Careening
bulbmusic5
8:44 Loom
11:06 Feudal Age
12:28 Horse Collar
15:15 Castle Age
13:49 Double-Bit Axe
16:21 Bow Saw
16:17 Heavy Plow
21:28 Wheelbarrow
20:50 Gold Mining
20:51 Stone Mining
20:54 Gold Mining
23:08 Stone Shaft Mining
23:25 Hand Cart
24:22 Forging
24:18 Scale Barding Armor
25:31 Bloodlines
25:48 Husbandry
27:36 Chain Barding Armor
27:58 Town Watch
28:53 Iron Casting
27:51 Light Cavalry
29:11 Szlachta Privileges
32:12 Imperial Age
29:44 Fletching
31:42 Bodkin Arrow
31:47 Scale Mail Armor
31:48 Padded Archer Armor
32:38 Caravan
33:08 Coinage
32:26 Cavalier
32:30 Winged Hussar
34:32 Blast Furnace
34:05 Crop Rotation
35:03 Siege Engineers
35:28 Ballistics
36:10 Chain Mail Armor
35:56 Bracer
36:12 Leather Archer Armor
36:36 Masonry
37:27 Chemistry
37:57 Conscription
38:05 Lechitic Legacy
37:32 Capped Ram
38:51 Siege Ram
40:34 Hoardings
39:25 Elite Obuch
42:51 Plate Mail Armor
DKing
10:51 Feudal Age
15:09 Castle Age
12:55 Loom
13:37 Double-Bit Axe
13:33 Horse Collar
17:33 Bow Saw
23:22 Wheelbarrow
23:52 Fervor
24:33 Heavy Plow
24:33 Gold Mining
25:21 Town Watch
26:30 Hand Cart
29:57 Imperial Age
28:29 Scale Barding Armor
28:35 Forging
29:26 Scale Mail Armor
28:47 Pikeman
29:28 Squires
29:37 Husbandry
29:48 Bloodlines
28:58 Light Cavalry
30:07 Elite Skirmisher
30:17 Hussar
30:49 Heavy Camel Rider
32:22 Chain Barding Armor
34:29 Two-Man Saw
34:43 Chemistry
34:04 Ballistics
34:37 Padded Archer Armor
35:45 Conscription
35:29 Shatagni
36:52 Plate Barding Armor
37:21 Leather Archer Armor
36:57 Fletching
37:42 Iron Casting
37:43 Caravan
37:54 Man-at-Arms
42:44 Siege Engineers
42:35 Murder Holes
42:50 Masonry
42:51 Fortified Wall
45:13 Stone Mining
45:52 Grand Trunk Road
46:28 Hoardings
47:19 Blast Furnace
46:50 Ring Archer Armor
47:19 Imperial Camel Rider
52:26 Bodkin Arrow
52:46 Chain Mail Armor
Connection lost

Rejoining the realm…

Still unreachable

The connection could not be restored.

Session expired

The server has moved on; the page needs a fresh start.